 Dungeon Crawl Stone Soup version 0.19-a0-1368-g41a3d51 (webtiles) character file.

693 PurpleRed the Destroyer (level 7, -1/36 HPs)
             Began as a Deep Elf Conjurer on Sept 2, 2016.
             Slain by a crimson imp (4 damage)
             ... on level 6 of the Dungeon.
             The game lasted 00:15:23 (1790 turns).

PurpleRed the Destroyer (Deep Elf Conjurer)         Turns: 1790, Time: 00:15:24

Health: -1/36      AC:  8    Str:  5    XL:     7   Next: 37%
Magic:  3/18       EV: 13    Int: 22    God:
Gold:   155        SH:  0    Dex: 15    Spells: 4 memorised, 6 levels left

rFire  + . .     SeeInvis .     H - +8 long sword "PurpleRed's Curse" {venom, rElec}
rCold  x . .     Gourm    .     a - +0 robe
rNeg   . . .     Faith    .     (no shield)
rPois  .         Spirit   .     u - +1 helmet
rElec  +         Dismiss  .     l - +1 cloak
rCorr  .         Reflect  .     (no gloves)
MR     .....     Harm     .     p - +1 pair of boots
Stlth  ++........ Rnd*Tele +    (no amulet)
                                e - ring of teleportation (curse)
                                q - ring of fire

@: very slightly contaminated
A: no striking features
a: no special abilities


You were on level 6 of the Dungeon.
You were not hungry.

You visited 1 branch of the dungeon, and saw 8 of its levels.
You also visited: Ossuary.

You collected 155 gold pieces.

Inventory:

Hand Weapons
 d - a +0 dagger
 g - a +1 whip
 r - a +0 flail
 s - a +0 war axe
 H - the +8 long sword "PurpleRed's Curse" (weapon) {venom, rElec}
   (You found it on level 7 of the Dungeon)

   It poisons the flesh of those it strikes.
   It insulates you from electricity.
Armour
 a - a +0 robe (worn)
 l - a +1 cloak (worn)
 p - a +1 pair of boots (worn)
 u - a +1 helmet (worn)
Jewellery
 e - a cursed ring of teleportation (right hand)
 q - a ring of fire (left hand)
Wands
 j - a wand of slowing (20/48)
 m - a wand of teleportation (9/9)
Scrolls
 f - 3 scrolls of blinking
 k - 2 scrolls of amnesia
 y - 2 scrolls of immolation
 F - a scroll of enchant weapon
Potions
 i - a potion of haste
 n - 2 potions of flight
 t - a potion of mutation {unknown}
 w - a potion of cure mutation {unknown}
 x - 10 potions of degeneration {unknown}
 z - a potion of curing {unknown}
 A - 2 potions of lignification
 B - 2 potions of ambrosia
 C - a potion of brilliance {unknown}
 D - a potion of invisibility {unknown}
 E - a potion of beneficial mutation {unknown}
Books
 b - a book of Conjurations

   Spells                             Type                      Level
   a - Magic Dart                     Conjuration                  1
   b - Searing Ray                    Conjuration                  2
   c - Dazzling Spray                 Conjuration/Hexes            3
   d - Fulminant Prism                Conjuration/Hexes            4
   e - Iskenderun's Mystic Blast      Conjuration                  4
   f - Iskenderun's Battlesphere      Conjuration/Charms           5
Comestibles
 c - 4 bread rations
 h - 2 meat rations
 o - a slice of pizza
 v - a beef jerky
 G - 4 fruits
 I - a chunk of flesh


   Skills:
 - Level 2.4 Dodging
 - Level 2.4 Stealth
 + Level 6.1 Spellcasting
 * Level 8.3 Conjurations
 + Level 3.9 Charms


You had 6 spell levels left.
You knew the following spells:

 Your Spells              Type           Power        Failure   Level  Hunger
a - Magic Dart            Conj           ####         1%          1    None
b - Searing Ray           Conj           #####.       1%          2    None
c - Iskenderun's Mystic   Conj           #####...     3%          4    ###....
d - Iskenderun's Battles  Conj/Chrm      ####....     21%         5    #####..


Dungeon Overview and Level Annotations

Branches:
Dungeon (8/15)
 Temple: D:4-7         Lair: D:8-11

Altars:
Ru
Trog

Annotations:
D:4 Eustachio
D:5 Edmund


Message History

You conjure a globe of magical energy.
Casting: Iskenderun's Battlesphere
Confirm with . or Enter, or press ? or * to list all spells.
Aiming: Magic Dart
Press: ? - help, Shift-Dir - straight line, f - orc warrior
Aim: an orc warrior, wielding a war axe and wearing a chain mail The magic dart hits the orc warrior.
The crimson imp blinks!
Your battlesphere fires!
The barrage of energy hits the orc warrior.
The orc warrior is lightly wounded.
You hit the crimson imp.
The crimson imp is moderately wounded.
The orc warrior throws a tomahawk.
The tomahawk hits you!
* * * LOW HITPOINT WARNING * * *
The crimson imp hits you.
* * * LOW HITPOINT WARNING * * *
The orc warrior throws a tomahawk.
The tomahawk hits your battlesphere!
Your battlesphere is destroyed!
The crimson imp hits you.
You die...

#.#..#
#....########
##o..........
#[..########
##(.# #(.#
#.ยง#######
#.)....[.#
#.@......#
#.5......#
#.>......#
#........#
#........#
##########


You could see an orc warrior and a crimson imp.

Vanquished Creatures
  A hungry ghost (D:7)
  An ogre (D:8)
  2 scorpions (D:7)
  A crimson imp (D:8)
  2 jellies (D:5)
  A hound (D:5)
  An orc wizard (D:6)
  A worker ant (D:5)
  6 mummies
  3 gnolls
  5 adders
  A shadow imp (D:5)
  A worm (D:4)
  3 dart slugs
  A giant gecko (D:3)
  An orc (D:3)
  A ball python (D:3)
  5 giant cockroaches
  4 goblins
  5 hobgoblins
  A quokka (D:4)
  2 bats
  A giant gecko skeleton (D:4)
  3 giant newts
  A hobgoblin zombie (D:5)
  A kobold (D:1)
  3 rats
58 creatures vanquished.

Notes
Turn   | Place    | Note
-------+----------+-------------------------------------------
     0 | D:1      | PurpleRed the Deep Elf Conjurer began the quest for the Orb.
     0 | D:1      | Reached XP level 1. HP: 10/10 MP: 6/6
    68 | D:1      | Reached XP level 2. HP: 15/15 MP: 2/8
    72 | D:1      | Learned a level 2 spell: Searing Ray
   193 | D:2      | Reached skill level 5 in Conjurations
   413 | D:2      | Reached XP level 3. HP: 19/19 MP: 5/9
   693 | D:4      | Noticed Eustachio
   733 | D:3      | Reached XP level 4. HP: 8/24 MP: 0/11
   783 | D:5      | Entered Level 5 of the Dungeon
   793 | D:5      | Noticed Edmund
  1053 | D:4      | Reached skill level 6 in Conjurations
  1114 | D:4      | Found a sacrificial altar of Ru.
  1198 | D:5      | Found a bloodstained altar of Trog.
  1202 | D:5      | Reached XP level 5. HP: 28/28 MP: 5/13
  1212 | D:5      | Learned a level 4 spell: Iskenderun's Mystic Blast
  1218 | D:5      | Learned a level 5 spell: Iskenderun's Battlesphere
  1257 | D:5      | Reached skill level 1 in Charms
  1260 | D:5      | Found a sand-covered staircase.
  1290 | Ossuary  | Entered an ossuary
  1337 | Ossuary  | Reached skill level 5 in Spellcasting
  1430 | Ossuary  | Reached skill level 7 in Conjurations
  1430 | Ossuary  | Reached XP level 6. HP: 31/32 MP: 7/15
  1641 | D:7      | Got a crystal long sword
  1642 | D:7      | Identified the +8 long sword "PurpleRed's Curse" {venom, rElec} (You found it on level 7 of the Dungeon)
  1678 | D:7      | Noticed a hungry ghost
  1701 | D:8      | Reached XP level 7. HP: 36/36 MP: 6/17
  1723 | D:7      | Killed a hungry ghost
  1723 | D:7      | Reached skill level 8 in Conjurations
  1790 | D:6      | Slain by a crimson imp

Vault maps used:
D:1:      minmay_arrival_four_loops
D:2:      first_bread, minmay_misc_feat_rows
D:4:      nicolae_ru_the_path_less_chosen, uniq_eustachio
D:5:      nicolae_ossuary_entry_giza, mrwooster_statue_mirror,
          trog_three_pillars_becter, uniq_edmund
D:6:      kennysheep_little_box, xom_butterflies, marbit_many_paths
D:7:      lemuel_coloured_pillars_altar, kennysheep_mini_moat,
          grunt_temple_overflow_open, uniq_pikel, uniq_menkaure
D:8:      grunt_pizzeria, hangedman_feature_mirror, due_unseen_surprise
Ossuary:  ossuary_crypta

Skill      XL: |  1  2  3  4  5  6  7 |
---------------+----------------------+-----
Conjurations   | 5 6 7 8 |  8.3
Spellcasting   | 4 5 6 |  6.1
Charms         | 1 3 |  3.9
Dodging        | |  2.4
Stealth        | |  2.4

Action                   |  1- 3 |  4- 6 |  7- 9 || total
-------------------------+-------+-------+-------++-------
Melee: Whip              |    12 |    17 |       ||    29
       Unarmed           |     1 |       |       ||     1
       Long sword        |       |     6 |     4 ||    10
 Cast: Magic Dart        |    52 |    18 |     3 ||    73
       Searing Ray       |     3 |    16 |     1 ||    20
       Iskenderun's Batt |       |       |     1 ||     1
  Use: Potion            |     1 |       |       ||     1
       Scroll            |       |    14 |     3 ||    17
 Stab: Sleeping          |       |     2 |       ||     2
  Eat: Chunk             |       |     2 |     1 ||     3
Armor: Robe              |     3 |    13 |       ||    16
Dodge: Dodged            |    16 |    42 |     4 ||    62
